 Dungeon Sprint DCSS version 0.30-a0-956-gcec3b41aec (webtiles) character file.

Game seed: 17644182220436143422

1983 sircluck the Severer (level 9, -3/139 HPs)
             Began as a Hill Orc Berserker on Mar 29, 2023.
             Was a High Priest of Trog.
             Killed by divine providence
             ... invoked by an orc high priest
              (9 damage)
             ... in the Dungeon (Sprint VII: "The Pits").
             The game lasted 00:05:53 (925 turns).

sircluck the Severer (Hill Orc Berserker)            Turns: 925, Time: 00:05:53

Health: -3/139     AC: 10    Str: 24    XL:     9   Next: 20%
Magic:  9/9        EV: 10    Int:  7    God:    Trog [*****.]
Gold:   0          SH:  0    Dex: 10    Spells: 8/8 levels left

rFire   . . .      SeeInvis .    w - +4 battleaxe (flame)
rCold   . . .      Faith    .    (shield currently unavailable)
rNeg    . . .      Spirit   .    p - +3 chain mail
rPois   .          Reflect  .    (no helmet)
rElec   .          Rampage  .    (no cloak)
rCorr   .          NoTele   +    (no gloves)
Will    .....                    (no boots) Stlth
                                 (no amulet)
HPRegen 0.43/turn                (no ring)
MPRegen 0.11/turn                (no ring)

@: berserking, lethally poisoned (-3 -> -20), very quick
A: deformed body
a: Renounce Religion, Convert to Beogh, Berserk, Trog's Hand, Brothers in Arms


You were in the Dungeon.
You worshipped Trog.
Trog was extremely pleased with you.
You visited 1 branch

Inventory:

Hand Weapons
 a - a +0 hand axe
 n - a +2 hand axe
 q - a +1 quarterstaff of protection
 r - a +0 hand axe of freezing
 s - a +0 heavy trident
 t - a +2 heavy flail
 u - a +1 dagger of electrocution
 v - a +1 long sword of flaming
 w - a +4 battleaxe of flaming (weapon)
 x - a +3 scimitar
Missiles
 m - 6 stones (quivered)
Armour
 b - a +0 animal skin
 o - a +2 plate armour
 p - a +3 chain mail (worn)
Scrolls
 h - a scroll of blinking
 j - a scroll of butterflies
 k - 5 scrolls of amnesia
 l - 2 scrolls of vulnerability
Potions
 c - 6 potions of curing
 d - 3 potions of heal wounds
 e - a potion of haste
 f - 4 potions of magic
 g - 3 potions of berserk rage
 i - 2 potions of invisibility


   Skills:
 + Level 13.4 Fighting
 + Level 18.1 Axes
 + Level 1.8 Throwing
 + Level 9.0 Armour
 + Level 4.8 Dodging
 + Level 0.1 Stealth


You had 8 spell levels left.
You didn't know any spells.
Your spell library was empty.

Dungeon Overview and Level Annotations

Branches:
Dungeon (1/1)

Altars:
Ashenzari
Cheibriados
Dithmenos
Elyvilon
Fedhas
Gozag
Hepliaklqana
Kikubaaqudgha
Makhleb
Nemelex Xobeh
Okawaru
Qazlal
Ru
Sif Muna
Trog
Uskayaw
Vehumet
Wu Jian
Xom
Yredelemnul
Zin
The Shining One
Beogh
Jiyva
Lugonu


Innate Abilities, Weirdness & Mutations

Armour fits poorly on your strangely shaped body.


Message History

The orc warrior hits you from afar with a +0 halberd!
The orange demon stings you from afar!
* * * LOW HITPOINT WARNING * * *
You are more poisoned.
The orange demon poisons you!
The orc high priest threatens, "By the altar or by the axe, you will meet Beogh!"
You closely miss the orc high priest.
The orc high priest shouts, "Beogh is our master!
Accept the truth or die!"
You slash the komodo dragon! You burn the komodo dragon!
You feel very sick. The orange demon stings you from afar.
* * * LOW HITPOINT WARNING * * *
The komodo dragon bites you but does no damage.
You hit the orc high priest. You burn the orc high priest.
The orc high priest is lightly wounded.
You hit the komodo dragon. You burn the komodo dragon.
You kill the komodo dragon!
Trog accepts your kill.
* * * LOW HITPOINT WARNING * * *
You feel very sick.
The orc warrior hits you but does no damage.
The orc high priest utters an invocation to Beogh.
The orange demon barely misses you.
Your Axes skill increases to level 18!
Your Armour skill increases to level 9!
You completely miss the orc high priest.
The orc high priest is lightly wounded.
* * * LOW HITPOINT WARNING * * *
You feel sick.
The orc high priest shouts, "Beogh is our master!
Accept the truth or die!"
The orange demon stings you but does no damage.
Unknown command.
You hit the orc high priest. You burn the orc high priest.
The orc high priest is lightly wounded.
* * * LOW HITPOINT WARNING * * *
You feel very sick.
The orc warrior hits you from afar with a +0 halberd!
* * * LOW HITPOINT WARNING * * *
The orc high priest mumbles some strange prayers to Beogh against you.
Beogh smites you!
You die...

.'.##................#
.#.#####'#####''######
##.##.......##''#
.#.##.......##..#
.'.##.......##..#
#####...<...##..####
...##.......##..#34###
...##.......##..#†...##
#####.......##..@o4...#
#..###########..)†....+
#.###### #..'.o...#
#.#....# #..#....##
#)#....# #..#..###
#)'....+ #..####
#)#....# #..# '.#....#
#..# ######## ####


You could see an orc high priest, 2 orange demons, a neqoxec (summoned) and an
orc warrior.

Vanquished Creatures
  A cyclops (D)
  A komodo dragon (D)
  A flying skull (D)
  A warg (D)
  A kobold brigand (D)
  A gnoll bouda (D)
  An orc wizard (D)
  8 gnolls (D)
  An adder (D)
  A river rat (D)
  5 orcs (D)
  An endoplasm (D)
  2 giant cockroaches (D)
  3 ball pythons (D)
  3 bats (D)
  2 frilled lizards (D)
  2 rats (D)
35 creatures vanquished.

Vanquished Creatures (collateral kills)
  A shadow wraith (D)
  A guardian mummy (D)
  A gnoll bouda (D)
  2 gnolls (D)
5 creatures vanquished.

Grand Total: 40 creatures vanquished

Notes
Turn   | Place    | Note
-------+----------+-------------------------------------------
     0 | D        | sircluck the Hill Orc Berserker began the quest for the
                  | Orb.
     0 | D        | Reached XP level 1. HP: 19/19 MP: 1/1
    52 | D        | Found a bloodstained altar of Trog.
    52 | D        | Found a shimmering blue altar of Sif Muna.
    52 | D        | Found a viscous altar of Jiyva.
    52 | D        | Found a hazy altar of Hepliaklqana.
    52 | D        | Found an opulent altar of Gozag.
    53 | D        | Found a glowing golden altar of the Shining One.
    53 | D        | Found a glowing silver altar of Zin.
    53 | D        | Found a basalt altar of Yredelemnul.
    53 | D        | Found a shimmering altar of Xom.
    53 | D        | Found an ornate altar of the Wu Jian Council.
    53 | D        | Found a sacrificial altar of Ru.
    53 | D        | Found a stormy altar of Qazlal.
    53 | D        | Found an iron altar of Okawaru.
    53 | D        | Found a sparkling altar of Nemelex Xobeh.
    53 | D        | Found a burning altar of Makhleb.
    53 | D        | Found a blossoming altar of Fedhas.
    53 | D        | Found a white marble altar of Elyvilon.
    53 | D        | Found a shadowy altar of Dithmenos.
    53 | D        | Found a snail-covered altar of Cheibriados.
    55 | D        | Found a radiant altar of Vehumet.
    55 | D        | Found a corrupted altar of Lugonu.
    55 | D        | Found a roughly hewn altar of Beogh.
    58 | D        | Found a hide-covered altar of Uskayaw.
    58 | D        | Found an ancient bone altar of Kikubaaqudgha.
    58 | D        | Found a broken altar of Ashenzari.
   106 | D        | Reached skill level 5 in Axes
   106 | D        | Reached XP level 2. HP: 15/28 MP: 2/2
   106 | D        | Reached ** piety under Trog
   165 | D        | Reached skill level 5 in Fighting
   172 | D        | Reached skill level 6 in Axes
   172 | D        | Reached XP level 3. HP: 23/36 MP: 3/3
   229 | D        | Reached *** piety under Trog
   398 | D        | Noticed a flying skull
   432 | D        | Killed a flying skull
   433 | D        | Reached skill level 10 in Axes
   433 | D        | Reached XP level 4. HP: 16/49 MP: 4/4
   433 | D        | Reached XP level 5. HP: 18/56 MP: 5/5
   434 | D        | Reached **** piety under Trog
   435 | D        | Reached skill level 11 in Axes
   435 | D        | Reached XP level 6. HP: 21/62 MP: 6/6
   454 | D        | Reached ***** piety under Trog
   460 | D        | Reached skill level 12 in Axes
   460 | D        | Reached skill level 5 in Armour
   464 | D        | Reached skill level 10 in Fighting
   479 | D        | Reached skill level 13 in Axes
   621 | D        | Noticed a cyclops
   628 | D        | Killed a cyclops
   628 | D        | Received a gift from Trog
   629 | D        | Reached skill level 15 in Axes
   629 | D        | Reached skill level 1 in Throwing
   629 | D        | Reached XP level 7. HP: 74/74 MP: 7/7
   653 | D        | Noticed a guardian mummy
   665 | D        | Killed a shadow wraith
   666 | D        | Reached skill level 16 in Axes
   666 | D        | Reached XP level 8. HP: 37/85 MP: 8/8
   667 | D        | Killed a guardian mummy
   668 | D        | Reached skill level 17 in Axes
   669 | D        | Received a gift from Trog
   914 | D        | Noticed an orc high priest
   914 | D        | Noticed a komodo dragon
   915 | D        | Noticed an orange demon
   917 | D        | Noticed an orange demon
   917 | D        | Gained mutation: Armour fits poorly on your strangely
                  | shaped body. [a neqoxec]
   919 | D        | Reached XP level 9. HP: 64/93 MP: 9/9
   923 | D        | Killed a komodo dragon
   924 | D        | Reached skill level 18 in Axes
   925 | D        | HP: 6/139 [orc warrior/+0 halberd[an orc high priest] (12)]
   925 | D        | Killed from afar by an orc high priest

Illustrated notes

Levels and vault maps discovered:
D:        pitsprint [storerooms_1, entrance_room_1, metal_vault_1, armoury_2,
          mini_pit_1, grid_room_1, main_hall_1, silver_pit, the_coven_2,
          the_vestibule_1, steel_vault_5, golden_pit, hallway_of_sentries,
          crystal_vault_6, iron_vault_3, final_vault]

Skill      XL: |  1  2  3  4  5  6  7  8  9 |
---------------+----------------------------+-----
Fighting       | 4 5 8 11 12 13 | 13.4
Axes           | 5 6 10 11 15 16 17 18 | 18.1
Dodging        | 2 3 4 |  4.8
Armour         | 4 6 7 8 9 |  9.0
Throwing       | 1 |  1.8
Stealth        | |  0.1

Action                     |  1- 3 |  4- 6 |  7- 9 || total
---------------------------+-------+-------+-------++-------
  Melee: Hand axe          |    39 |    45 |       ||    84
         Punch             |       |     2 |       ||     2
         Battleaxe         |       |       |    17 ||    17
  Throw: Stone             |     4 |       |       ||     4
 Invoke: Berserk           |       |     2 |     1 ||     3
         Brothers in Arms  |       |       |     1 ||     1
    Use: Potion            |       |     1 |     2 ||     3
 Armour: Animal skin       |     1 |       |       ||     1
         Chain mail        |    10 |    11 |    10 ||    31
  Dodge: Dodged            |    21 |    14 |    10 ||    45

Table legend: (Time is in decaauts)
 A = Elapsed time spent in this place.
 B = Non-inter-level travel time spent in this place.
 C = Inter-level travel time spent in this place.
 D = Time resting spent in this place.
 E = Time spent auto-exploring this place.
 F = Levels seen in this place.
 G = Mean time per level.
                   A        B        C        D        E       F      G
               +--------+--------+--------+--------+--------+-----+--------+
         Total |    949 |    872 |     77 |    482 |      9 |   1 |  949.0 |
       Dungeon |    949 |    872 |     77 |    482 |      9 |   1 |  949.0 |
               +--------+--------+--------+--------+--------+-----+--------+

Top non-repeatable levels by time:
       D: 949 daAuts
